 Dungeon Crawl Stone Soup version 0.18-a0-965-g9200175 (webtiles) character file.

645 root the Shooter (level 7, -5/57 HPs)
             Began as a Centaur Hunter on Jan 1, 2016.
             Slain by a centaur (7 damage)
             ... on level 7 of the Dungeon.
             The game lasted 00:17:06 (3918 turns).

root the Shooter (Centaur Hunter)                   Turns: 3918, Time: 00:17:06

Health: -5/57      AC:  5    Str: 15    XL:     7   Next: 27%
Magic:  7/7        EV: 11    Int: 10    God:
Gold:   126        SH:  0    Dex: 15    Spells: 0 memorised, 6 levels left

rFire  . . .     SeeInvis .     v - +3 dagger (venom)
rCold  + . .     Gourm    .     c - +0 leather armour
rNeg   . . .     Faith    .     (no shield)
rPois  .         Spirit   .     (no helmet)
rElec  .         Dismiss  .     (no cloak)
rCorr  .         Reflect  .     n - +0 pair of gloves
SustAt .         Harm     .     (no barding)
MR     .....                    (no amulet)
Stlth  +.........               q - +4 ring of dexterity
                                i - ring of protection from cold

@: lethally poisoned (-5 -> -15), very quick, not resistant to hostile
enchantments, very unstealthy
A: hooves 3, deformed body, speed 2, tough skin 3
a: no special abilities


You were on level 7 of the Dungeon.
You were not hungry.

You visited 1 branch of the dungeon, and saw 5 of its levels.

You collected 126 gold pieces.

Inventory:

Hand Weapons
 a - a +1 shortbow
 b - a +0 short sword
 v - a +3 dagger of venom (weapon)
Missiles
 d - 42 arrows
Armour
 c - a +0 leather armour (worn)
 n - a +0 pair of gloves (worn)
Jewellery
 i - a ring of protection from cold (left hand)
 q - a +4 ring of dexterity (right hand)
 s - an uncursed ring of protection from cold
Wands
 t - a wand of confusion (32/48)
 w - a wand of digging (0/24)
Scrolls
 e - a scroll of fog {unknown}
 h - 2 scrolls of amnesia {unknown}
 j - 2 scrolls of teleportation
 m - 4 scrolls of identify
 o - 2 scrolls of magic mapping {unknown}
 p - 2 scrolls of enchant weapon
 r - 2 scrolls of enchant armour {unknown}
Potions
 k - 2 potions of brilliance {unknown}
 l - a potion of curing
 u - 2 potions of degeneration {unknown}
Comestibles
 f - a bread ration
 g - 6 chunks of flesh
 x - a beef jerky


   Skills:
 + Level 3.1 Fighting
 + Level 2.2 Short Blades
 + Level 7.0 Bows
 + Level 2.7 Armour
 + Level 3.4 Dodging
 + Level 1.0 Stealth


You had 6 spell levels left.
You didn't know any spells.

Dungeon Overview and Level Annotations

Branches:
Dungeon (4/15)
 Temple: D:4-7

Altars:
Pakellas


Innate Abilities, Weirdness & Mutations

You have hooves in place of feet.
Armour fits poorly on your strangely shaped body.
You cover ground very quickly.
You have extremely tough skin (AC +3).


Message History

The water moccasin is lightly wounded.
* * * LOW HITPOINT WARNING * * *
You feel sick. The centaur barely misses you.
The water moccasin bites you but does no damage.
The shadow imp barely misses you. The centaur hits you.
* * * LOW HITPOINT WARNING * * *
Unknown command.
You hit the water moccasin.
The water moccasin is poisoned.
You kick the water moccasin, but do no damage.
The water moccasin is moderately wounded.
* * * LOW HITPOINT WARNING * * *
You feel sick.
The water moccasin bites you but does no damage.
The centaur misses you.
The shadow imp hits you but does no damage.
You miss the water moccasin. Your kick misses the water moccasin.
The water moccasin is moderately wounded.
* * * LOW HITPOINT WARNING * * *
You feel sick. The centaur hits you!
You die...

........(.
........................
........................
...................<....
........................
........................
...<...h................
......c5S...............
.......@................
........................
.........!(.............
........$...............
........................
........................
........................
########################


You could see a water moccasin, a centaur, a hound and a shadow imp.

Vanquished Creatures
  Sigmund (D:2)
  An ogre (D:4)
  The ghost of Yawgmoth the Digger, an amateur GrEE (D:3)
  2 orc priests
  Jessica (D:3)
  Terence (D:3)
  4 orc wizards
  4 adders
  2 adder skeletons (D:4)
  2 worms
  A giant gecko (D:1)
  3 orcs
  8 bats
  2 giant cockroaches
  9 goblins
  5 hobgoblins
  7 jackals
  A quokka (D:2)
  7 giant newts
  6 kobolds
  6 rats
74 creatures vanquished.

Notes
Turn   | Place    | Note
--------------------------------------------------------------
     0 | D:1      | root the Centaur Hunter began the quest for the Orb.
     0 | D:1      | Reached XP level 1. HP: 17/17 MP: 1/1
   126 | D:1      | Reached XP level 2. HP: 12/24 MP: 2/2
   581 | D:1      | Reached skill level 6 in Bows
   886 | D:1      | Reached XP level 3. HP: 19/29 MP: 3/3
  1349 | D:2      | Noticed Sigmund
  1970 | D:2      | Killed Sigmund
  1970 | D:2      | Reached skill level 1 in Short Blades
  1970 | D:2      | Reached skill level 1 in Armour
  1970 | D:2      | Reached XP level 4. HP: 7/37 MP: 4/4
  1970 | D:2      | Reached XP level 5. HP: 7/42 MP: 5/5
  2246 | D:3      | Noticed Jessica
  2301 | D:3      | Reached XP level 6. HP: 9/50 MP: 6/6
  2886 | D:3      | Noticed Terence
  2897 | D:3      | Killed Terence
  2936 | D:3      | Noticed Yawgmoth's ghost (amateur GrEE)
  2944 | D:3      | Killed Jessica
  3032 | D:3      | Killed Yawgmoth's ghost
  3340 | D:3      | Found an oddly glowing altar of Pakellas.
  3496 | D:4      | Reached skill level 1 in Stealth
  3496 | D:4      | Reached XP level 7. HP: 36/57 MP: 7/7
  3854 | D:4      | You fall through a shaft for 3 floors!
  3857 | D:7      | Reached skill level 7 in Bows
  3918 | D:7      | HP: 2/57 [poisoned by a water moccasin]
  3918 | D:7      | Slain by a centaur

Vault maps used:
D:1:      lightli_arrival_noodles, roderic_nine_men_s_morris,
          minmay_misc_feat_nine_boxes
D:2:      nicolae_ru_awakened_eye, uniq_sigmund
D:3:      grunt_pakellas_sulfur, gammafunk_temple_overflow_elements,
          uniq_terence, uniq_jessica
D:7:      lemuel_round_altar, enter_bailey_3

Action                   |  1- 3 |  4- 6 |  7- 9 || total
-------------------------+-------+-------+-------++-------
Melee: Short sword       |   139 |       |       ||   139
       Dagger            |     7 |    74 |    40 ||   121
 Fire: Shortbow          |     2 |    22 |       ||    24
  Use: Scroll            |       |     6 |       ||     6
       Potion            |       |       |     2 ||     2
  Eat: Chunk             |     3 |     4 |     1 ||     8
